 Dungeon Crawl Stone Soup version 0.23-a0-307-gc3b755d (webtiles) character file.

22624 namelastname112 the Arsonist (level 13, 0/78 HPs)
             Began as a Kobold Fire Elementalist on Oct 10, 2018.
             Was a High Priest of Vehumet.
             Slain by an eight-headed hydra (7 damage)
             ... on level 13 of the Dungeon.
             The game lasted 00:45:18 (17267 turns).

namelastname112 the Arsonist (KoFE)                Turns: 17267, Time: 00:45:19

Health: 0/78       AC:  7    Str:  6    XL:     13   Next: 29%
Magic:  5/28       EV: 20    Int: 20    God:    Vehumet [*****.]
Gold:   841        SH:  0    Dex: 16    Spells: 11/34 levels left

rFire    + . .     SeeInvis .   i - +3 dagger (venom)
rCold    . . .     Gourm    .   (shield restricted)
rNeg     . . .     Faith    .   J - +0 troll leather armour
rPois    .         Spirit   .   (no helmet)
rElec    .         Reflect  .   (no cloak)
rCorr    .         Harm     .   H - +0 pair of gloves
MR       .....                  z - +1 pair of boots
Stlth    ++........             (no amulet)
HPRegen  0.63/turn              (no ring)
MPRegen  0.21/turn              a - ring of protection from fire

@: very slightly contaminated
A: small, carnivore
a: Renounce Religion


You were on level 13 of the Dungeon.
You worshipped Vehumet.
Vehumet was extremely pleased with you.
You were very full.

You visited 1 branch of the dungeon, and saw 13 of its levels.
You also visited: Ossuary.

You collected 841 gold pieces.

Inventory:

Hand Weapons
 i - a +3 dagger of venom (weapon)
Armour
 n - a +0 buckler
 z - a +1 pair of boots (worn)
 F - a +1 robe of fire resistance
 H - a +0 pair of gloves (worn)
 J - a +0 troll leather armour (worn)
Jewellery
 a - a ring of protection from fire (right hand)
 d - a +6 ring of strength
 o - an uncursed ring of protection from cold
 p - an uncursed ring of resist corrosion
 D - a +2 ring of intelligence
 K - an uncursed ring of stealth
 M - an uncursed ring of see invisible
Wands
 C - a wand of iceblast (9)
 G - a wand of disintegration (5)
Scrolls
 e - 9 scrolls of remove curse
 f - a scroll of fog
 j - 7 scrolls of enchant weapon
 l - 3 scrolls of amnesia
 m - 3 scrolls of magic mapping
 t - 3 scrolls of enchant armour
 u - a scroll of teleportation
 y - 2 scrolls of identify
 A - a scroll of blinking
Potions
 b - 4 potions of cancellation
 g - 3 potions of flight
 h - 2 potions of curing
 k - 3 potions of agility
 q - 3 potions of haste
 r - a potion of might
 s - 2 potions of heal wounds
 v - 2 potions of lignification
 w - a potion of invisibility
 x - 3 potions of berserk rage
 B - a potion of mutation
 E - a potion of ambrosia
 I - a potion of magic
Comestibles
 c - 25 rations
 L - a chunk of flesh


   Skills:
 + Level 8.2 Fighting
 + Level 9.3 Dodging
 - Level 2.6 Stealth
 * Level 11.0 Spellcasting
 * Level 10.9 Conjurations
 * Level 11.1 Fire Magic


You had 11 spell levels left.
You knew the following spells:

 Your Spells              Type           Power        Failure   Level  Hunger
a - Bolt of Magma         Conj/Fire/Erth #####.....   3%          5    ####...
b - Blink                 Tloc           N/A          14%         2    None
c - Conjure Flame         Conj/Fire      ######..     1%          3    None
d - Mephitic Cloud        Conj/Pois/Air  ####....     1%          3    None
s - Fireball              Conj/Fire      ######....   1%          5    ####...
x - Sticky Flame          Conj/Fire      ######..     1%          4    ##.....
z - Flame Tongue          Conj/Fire      #####        1%          1    None

Your spell library contained the following spells:

 Spells                   Type           Power        Failure   Level  Hunger
 Magic Dart               Conj           ####         1%          1    None
 Throw Flame              Conj/Fire      ######       1%          2    None
 Inner Flame              Hex/Fire       ####....     1%          3    None
 Beastly Appendage        Tmut           ##....       10%         1    None
 Call Imp                 Summ           ##......     14%         2    None
 Slow                     Hex            ##......     14%         2    None
 Sticks to Snakes         Tmut           ##......     14%         2    None
 Spider Form              Tmut/Pois      ##........   28%         3    None
 Ice Form                 Ice/Tmut       ##......     67%         4    ##.....
 Blade Hands              Tmut           ##........   95%         5    ####...


Dungeon Overview and Level Annotations

Branches:
Dungeon (13/15)            Temple (0/1) D:4            Lair (0/6) D:8
    Orc (0/2) D:9
 Vaults: D:13-14

Altars:
Ashenzari
Dithmenos
Elyvilon
Gozag
Kikubaaqudgha
Makhleb
Nemelex Xobeh
Okawaru
Qazlal
Ru
Trog
Uskayaw
Vehumet
Xom
Beogh

Shops:
D:11 :   D:12 [

Annotations:
D:5 3 runed doors, feelmyfire's ghost, amateur DrCj
D:8 Gastronok
D:11 3 runed doors


Innate Abilities, Weirdness & Mutations

You are small and have problems with some larger weapons.
You are carnivorous and can eat meat at any time.


Message History

The eight-headed hydra is engulfed in blazing flames.
The eight-headed hydra bites you.
The eight-headed hydra closely misses you.
The eight-headed hydra bites you. x2
The eight-headed hydra barely misses you.
The eight-headed hydra closely misses you.
The eight-headed hydra bites you.
The eight-headed hydra barely misses you.
You take 16 damage, and have 32/78 hp.
MASSIVE DAMAGE!!
You now have 4/28 mp.
The eight-headed hydra burns!
The eight-headed hydra is engulfed in blazing flames.
The eight-headed hydra burns!
The eight-headed hydra burns!
The eight-headed hydra burns!
The eight-headed hydra stops burning.
The eight-headed hydra bites you!
* * * LOW HITPOINT WARNING * * *
The eight-headed hydra misses you. The eight-headed hydra bites you!
* * * LOW HITPOINT WARNING * * *
The eight-headed hydra bites you!
You die...

# .........> #. ..# #.......###.
#.# ###### ##..###........#..
..##. ... ..... ............
#..... ..# #...##.........#..
#..#.. #.# #......##...#..#..
.#.....##.# #.#.#..##.......÷.
..>.)...§.#####.#.#...#.........
.#....###.....D@....Y...........
#..(..........###.#..###...###..
..............#.<....# #...# #..
#.....###.....#.#.#..###...###.#
#. .# #.#####................# #
#.. #!# #.#.#........(..)#
.........# ###.#.##.(.....(...#
...#...## #.....##.###...###..
......#.# #.....##.# #..(# #.#


You could see an eight-headed hydra and a yak.

Vanquished Creatures
  Harold (D:7)
  A hydra (D:13)
  Erica (D:8)
  2 centaur warriors (D:13)
  4 two-headed ogres
  Sonja (D:13)
  Nergalle (D:11)
  Pikel (D:7)
  An ugly thing (D:12)
  A deep elf mage (D:13)
  2 manticores
  A cyclops (D:13)
  A centaur zombie (D:12)
  A gargoyle (D:11)
  3 trolls
  Prince Ribbit (D:7)
  2 hornets
  3 hippogriffs
  A meliai zombie (D:12)
  8 yaks
  A wraith (D:12)
  A basilisk (D:13)
  2 hungry ghosts
  2 steam dragons
  4 wargs (D:12)
  A soldier ant (D:12)
  A water moccasin (D:8)
  2 porcupines (D:8)
  2 black bears
  13 orc warriors
  A sky beast (D:8)
  A slave (D:7)
  A phantom (D:9)
  A hornet zombie (D:9)
  A necrophage (D:8)
  7 ogres
  8 centaurs
  2 big kobolds
  3 water moccasin zombies (Ossuary)
  5 bullfrogs
  A gnoll sergeant (D:11)
  4 scorpions
  25 killer bees
  8 wights
  6 howler monkeys
  2 electric eels (D:12)
  6 jellies
  5 crimson imps
  3 bullfrog zombies
  6 hounds
  2 centaur skeletons
  6 orc priests
  2 bullfrog skeletons
  13 worker ants
  14 orc wizards
  An iguana (D:7)
  3 big kobold zombies (Ossuary)
  3 hound zombies
  A hound skeleton (D:4)
  2 mummies (Ossuary)
  11 gnolls
  A howler monkey skeleton (D:10)
  17 adders
  3 shadow imps
  9 oozes
  An adder skeleton (D:9)
  4 adder zombies (Ossuary)
  2 worms
  3 dart slugs
  6 leopard geckos
  60 orcs
  3 ball pythons
  5 giant cockroaches
  6 goblins
  9 hobgoblins
  15 jackals
  5 quokkas
  15 bats
  6 frilled lizards
  2 gnoll zombies (Ossuary)
  3 hobgoblin zombies (Ossuary)
  14 kobolds
  3 kobold zombies (Ossuary)
  A leopard gecko zombie (D:6)
  5 orc zombies (Ossuary)
  10 rats
428 creatures vanquished.

Vanquished Creatures (others)
  A slave (D:9)
  A crimson imp (D:7)
  An orc wizard (D:9)
  3 worker ants (D:4)
  An ooze (D:4)
  3 orcs
  A jackal (D:11)
  A quokka (D:5)
  2 frilled lizards (D:4)
  A hobgoblin zombie (Ossuary)
  6 fungi (D:8)
  6 plants (D:8)
27 creatures vanquished.

Grand Total: 455 creatures vanquished

Notes
Turn   | Place    | Note
-------+----------+-------------------------------------------
     0 | D:1      | namelastname112 the Kobold Fire Elementalist began the
                  | quest for the Orb.
     0 | D:1      | Reached XP level 1. HP: 10/10 MP: 3/3
   170 | D:1      | Reached XP level 2. HP: 15/15 MP: 0/5
   663 | D:1      | Reached XP level 3. HP: 20/20 MP: 4/6
   671 | D:1      | You fall through a shaft!
  1252 | D:2      | Found a hide-covered altar of Uskayaw.
  1462 | D:2      | Reached XP level 4. HP: 24/24 MP: 3/8
  1484 | D:2      | Learned a level 3 spell: Conjure Flame
  1803 | D:2      | Reached skill level 1 in Fighting
  2009 | D:2      | Reached XP level 5. HP: 29/29 MP: 6/9
  3362 | D:3      | Reached XP level 6. HP: 35/35 MP: 2/11
  3465 | D:3      | Learned a level 4 spell: Sticky Flame
  3514 | D:3      | You fall through a shaft for 3 floors!
  3578 | D:6      | Found a sand-covered staircase.
  3585 | Ossuary  | Entered an ossuary
  3759 | Ossuary  | Reached XP level 7. HP: 35/40 MP: 3/12
  4682 | D:5      | Entered Level 5 of the Dungeon
  4717 | D:5      | Found a runed gate.
  4719 | D:5      | Noticed feelmyfire's ghost (amateur DrCj)
  4816 | D:5      | Found a runed gate.
  4817 | D:5      | Found a runed gate.
  4859 | D:5      | Learned a level 2 spell: Blink
  5259 | D:4      | Found a burning altar of Makhleb.
  5360 | D:4      | Found an iron altar of Okawaru.
  5526 | D:4      | Reached skill level 5 in Fire Magic
  5589 | D:4      | Reached XP level 8. HP: 45/45 MP: 5/14
  5661 | D:4      | Found an opulent altar of Gozag.
  5662 | D:4      | Found a radiant altar of Vehumet.
  5699 | D:4      | Found a staircase to the Ecumenical Temple.
  5731 | D:4      | Became a worshipper of Vehumet
  5863 | D:4      | Found a shimmering altar of Xom.
  6416 | D:5      | Found a white marble altar of Elyvilon.
  6896 | D:6      | Reached skill level 5 in Spellcasting
  6907 | D:6      | Found a bloodstained altar of Trog.
  7401 | D:7      | Reached skill level 5 in Conjurations
  7856 | D:7      | Reached XP level 9. HP: 45/52 MP: 2/17
  7994 | D:7      | Noticed Prince Ribbit
  8020 | D:7      | Killed Prince Ribbit
  8020 | D:7      | Reached skill level 5 in Dodging
  8088 | D:7      | Found a stormy altar of Qazlal.
  8105 | D:7      | Noticed Pikel
  8136 | D:7      | Killed Pikel
  8258 | D:7      | Noticed Harold
  8475 | D:7      | Learned a level 5 spell: Fireball
  9150 | D:8      | Found a shattered altar of Ashenzari.
  9205 | D:8      | Noticed Erica
  9206 | D:8      | Noticed Gastronok
  9341 | D:8      | Reached * piety under Vehumet
  9341 | D:8      | Offered knowledge of Sting by Vehumet.
  9698 | D:8      | Reached XP level 10. HP: 58/58 MP: 13/20
  9742 | D:8      | Learned a level 3 spell: Mephitic Cloud
  9861 | D:8      | Reached skill level 5 in Fighting
 10022 | D:8      | Reached ** piety under Vehumet
 10094 | D:8      | Noticed a two-headed ogre
 10095 | D:8      | Offered knowledge of Freeze by Vehumet.
 10105 | D:8      | Killed a two-headed ogre
 10174 | D:8      | Found a staircase to the Lair.
 10273 | D:8      | Killed Erica
 10589 | D:8      | Found a sparkling altar of Nemelex Xobeh.
 10743 | D:7      | Killed Harold
 10743 | D:7      | Reached XP level 11. HP: 64/64 MP: 6/23
 11099 | D:8      | Found a roughly hewn altar of Beogh.
 11166 | D:8      | Found a shadowy altar of Dithmenos.
 11167 | D:8      | Found an ancient bone altar of Kikubaaqudgha.
 11410 | D:9      | Found a sacrificial altar of Ru.
 11631 | D:9      | Offered knowledge of Searing Ray by Vehumet.
 11649 | D:9      | Noticed a manticore
 11657 | D:9      | Killed a manticore
 11703 | D:9      | HP: 1/64 [hornet zombie (4)]
 11987 | D:9      | Reached *** piety under Vehumet
 12433 | D:9      | Found a staircase to the Orcish Mines.
 12602 | D:9      | Offered knowledge of Force Lance by Vehumet.
 12926 | D:10     | Entered Level 10 of the Dungeon
 12940 | D:10     | Noticed a two-headed ogre
 13380 | D:9      | Killed a two-headed ogre
 13384 | D:9      | Reached **** piety under Vehumet
 13544 | D:10     | Offered knowledge of Venom Bolt by Vehumet.
 13565 | D:10     | Got a flickering ivory amulet
 13862 | D:10     | Identified the amulet "Koiteimn" {Spirit +Fly rF- MP+9
                  | Stlth+} (You took it off a kobold on level 10 of the
                  | Dungeon)
 14097 | D:11     | Reached XP level 12. HP: 71/71 MP: 15/25
 14168 | D:11     | Found a runed gate.
 14306 | D:11     | Found a runed gate.
 14306 | D:11     | Found a runed gate.
 14309 | D:11     | Noticed a glowing orange brain
 14363 | D:11     | Noticed Nergalle
 14367 | D:11     | Killed Nergalle
 14546 | D:11     | Found Ussioshro's Book Boutique.
 14573 | D:11     | Noticed a two-headed ogre
 14578 | D:11     | Killed a two-headed ogre
 14578 | D:11     | Reached skill level 10 in Fire Magic
 14924 | D:11     | Noticed a two-headed ogre
 14926 | D:11     | Killed a two-headed ogre
 14926 | D:11     | Reached skill level 10 in Spellcasting
 14939 | D:11     | Reached ***** piety under Vehumet
 15185 | D:12     | Offered knowledge of Bolt of Magma by Vehumet.
 15196 | D:12     | Reached skill level 10 in Conjurations
 15206 | D:12     | Learned a level 5 spell: Bolt of Magma
 16153 | D:12     | Found Cavvimp's Antique Armour Shoppe.
 16467 | D:13     | Noticed an eight-headed hydra
 16478 | D:13     | Killed an eight-headed hydra
 16482 | D:13     | Noticed Sonja
 16482 | D:13     | Reached XP level 13. HP: 41/78 MP: 3/27
 16487 | D:13     | Killed Sonja
 16487 | D:13     | Noticed a centaur warrior
 16724 | D:13     | Noticed a centaur warrior
 16744 | D:13     | Killed a centaur warrior
 17006 | D:13     | Killed a centaur warrior
 17250 | D:13     | Noticed an eight-headed hydra
 17267 | D:13     | Slain by an eight-headed hydra

Vault maps used:
D:1:      onia_arrival_larder
D:2:      lemuel_doored_altar
D:3:      first_ration, serial_corexii_hall, corexii_hall_statues_i,
          corexii_hall_statues_l, kennysheep_generic_room_13
D:4:      wad_pebble_path, xom_confusion_cloud, okawaru_metal_pillars_1_2,
          gammafunk_temple_overflow_pools,
          minmay_temple_entry_statues_fountains, minmay_misc_feat_chi,
          ldierk_geyser, makhleb_blood_cavern_becter
D:5:      elyvilon_altar_4, gammafunk_ghost_nasty_kobolds
D:6:      bloody_trog, nicolae_ossuary_entry_monument, minmay_misc_feat_pillars
D:7:      nicolae_qazlal_eye_of_the_storm, uniq_prince_ribbit1, uniq_harold,
          uniq_pikel
D:8:      nemelex_xobeh_ov_fountains_minmay, old_standard_altar,
          gammafunk_temple_overflow_statue, grunt_lair_entry_orc_guard_hut,
          special_room, uniq_gastronok, uniq_erica
D:9:      nicolae_ru_great_annihilating_truth, david_orc_4,
          hangedman_little_slice_of_home
D:11:     serial_shops, shop, ploomutoo_gammafunk_ghost_potion_laboratory,
          uniq_nergalle
D:12:     serial_shops, shop, nooodl_orcs_dogs
D:13:     grunt_vaults_entry_tiered, minmay_liquid_box, minmay_misc_feat_cross,
          uniq_sonja
Ossuary:  ossuary_tomb_2

Skill      XL: |  1  2  3  4  5  6  7  8  9 10 11 12 13 |
---------------+----------------------------------------+-----
Conjurations   | 2 3 4 5 6 8 9 10 | 10.9
Fighting       | 1 2 3 4 6 7 8 |  8.2
Spellcasting   | 3 4 5 6 8 9 10 11 | 11.0
Dodging        | 3 4 5 7 9 |  9.3
Fire Magic     | 4 5 7 8 9 10 11 | 11.1
Stealth        | |  2.6

Action                   |  1- 3 |  4- 6 |  7- 9 | 10-12 | 13-15 || total
-------------------------+-------+-------+-------+-------+-------++-------
Melee: Unarmed           |     7 |       |       |       |       ||     7
       Dagger            |    21 |    51 |    85 |   281 |    31 ||   469
 Cast: Flame Tongue      |    62 |   111 |   201 |   227 |     1 ||   602
       Conjure Flame     |       |     6 |     3 |     5 |     2 ||    16
       Sticky Flame      |       |       |    22 |    74 |     6 ||   102
       Fireball          |       |       |     3 |    56 |    13 ||    72
       Mephitic Cloud    |       |       |       |     4 |     1 ||     5
       Bolt of Magma     |       |       |       |    16 |     3 ||    19
Evoke: Wand              |       |       |     2 |     6 |     5 ||    13
  Use: Potion            |       |     2 |     4 |     3 |     1 ||    10
       Scroll            |       |       |    20 |     9 |     1 ||    30
 Stab: Sleeping          |     1 |       |       |     2 |       ||     3
  Eat: Chunk             |    10 |     7 |    21 |    41 |     7 ||    86
Armor: Robe              |    28 |    18 |    26 |    45 |       ||   117
       Skin              |       |       |    54 |       |       ||    54
       Troll leather arm |       |       |       |    54 |     7 ||    61
Dodge: Dodged            |    61 |    95 |   163 |   559 |    64 ||   942

Table legend:
 A = Non-vault XP
 B = Vault XP
 C = Vault XP percentage of total XP
 D = Non-vault monster count
 E = Vault monster count
 F = Vault count percentage of total count
                 A         B        C        D         E       F
            +---------+---------+-------+---------+---------+-------
      Total |   24228 |    8092 |  25.0 |     320 |     107 |  25.1
            +---------+---------+-------+---------+---------+-------
        D:1 |      53 |       8 |  13.1 |      25 |       6 |  19.4
        D:2 |     117 |       0 |   0.0 |      26 |       0 |   0.0
        D:3 |     144 |       2 |   1.4 |      35 |       1 |   2.8
        D:4 |     109 |      97 |  47.1 |      13 |       3 |  18.8
        D:5 |     250 |       0 |   0.0 |       8 |       0 |   0.0
        D:6 |     264 |       0 |   0.0 |      10 |       0 |   0.0
        D:7 |     824 |    1889 |  69.6 |      23 |       3 |  11.5
        D:8 |    3043 |    1779 |  36.9 |      47 |      25 |  34.7
        D:9 |    4154 |    1024 |  19.8 |      41 |      30 |  42.3
       D:10 |     950 |       0 |   0.0 |      15 |       0 |   0.0
       D:11 |    4361 |     800 |  15.5 |      28 |       1 |   3.4
       D:12 |    4101 |    1278 |  23.8 |      31 |      12 |  27.9
       D:13 |    5858 |     820 |  12.3 |      18 |       1 |   5.3
    Ossuary |       0 |     395 | 100.0 |       0 |      25 | 100.0
            +---------+---------+-------+---------+---------+-------
